 Dungeon Crawl Stone Soup version 0.23-a0-164-g7711e57 (webtiles) character file.

356849 Mgcat the Victor of a Thousand Battles (level 22, -16/174 HPs)
             Began as a Gnoll Skald on Sept 6, 2018.
             Was the Champion of Okawaru.
             Killed from afar by a deep elf mage (25 damage)
             ... with a bolt of magma
             ... led by an ironheart preserver
             ... on level 4 of the Vaults on Sept 9, 2018.
             The game lasted 03:23:46 (46372 turns).

Mgcat the Victor of a Thousand Battles (GnSk)      Turns: 46372, Time: 03:23:46

Health: -16/174    AC: 33    Str: 21    XL:     22   Next: 35%
Magic:  41/41      EV: 15    Int: 17    God:    Okawaru [******]
Gold:   771        SH: 20    Dex: 23    Spells: 38/51 levels left

rFire    + . .     SeeInvis +   B - +5 broad axe (flame)
rCold    + . .     Gourm    .   J - +0 large shield of Jaonapal {+Inv rPois rC+}
rNeg     . . .     Faith    .   o - +3 plate armour {rF+}
rPois    +         Spirit   .   V - +1 helmet of the Spheres {Dex+4}
rElec    .         Reflect  .   K - +2 cloak {MR+}
rCorr    .         Harm     .   H - +2 pair of gloves {Dex+3}
MR       ++...                  C - +2 pair of boots
Stlth    ++........             u - amulet of the acrobat
HPRegen  0.39/turn              e - ring of see invisible {sInv, !d}
MPRegen  0.27/turn              O - +4 ring of slaying

@: hasted and slowed
A: distributed training, fangs 1, strong nose
}: 2/15 runes: serpentine, barnacled
a: Heroism, Finesse, Renounce Religion, Evoke Invisibility


You were on level 4 of the Vaults.
You worshipped Okawaru.
Okawaru was exalted by your worship.
You were hungry.

You visited 6 branches of the dungeon, and saw 35 of its levels.
You visited the Abyss 1 time.
You visited 1 bazaar.
You also visited: Labyrinth, Sewer, Ice Cave and Volcano.

You collected 3852 gold pieces.
You spent 3081 gold pieces at shops.

Inventory:

Hand Weapons
 t - a +2 demon trident of electrocution
   (You found it in an ice cave)
 B - a +5 broad axe of flaming (weapon)
   (You took it off a crimson imp on level 9 of the Dungeon)
Missiles
 b - 3 poisoned javelins (quivered)
 p - 13 steel javelins
 v - 15 silver javelins
 A - 10 javelins of penetration
 L - 14 throwing nets {=f, !d}
Armour
 o - a +3 plate armour of fire resistance (worn)
   (You found it in a volcano)
 C - a +2 pair of boots (worn)
   (You found it on level 8 of the Dungeon)
 H - a +2 pair of gloves of dexterity (worn)
   (Okawaru gifted it to you on level 3 of the Lair of Beasts)
 J - the +0 large shield of Jaonapal (worn) {+Inv rPois rC+}
   (Okawaru gifted it to you on level 10 of the Dungeon)

   It protects you from cold.
   It protects you from poison.
   It lets you turn invisible.
 K - a +2 cloak of magic resistance (worn)
   (You bought it in a shop in a bazaar)
 V - the +1 helmet of the Spheres (worn) {Dex+4}
   (Okawaru gifted it to you in a volcano)

   It affects your dexterity (+4).
Jewellery
 e - a ring of see invisible (left hand) {sInv, !d}
   (You found it on level 10 of the Dungeon)
 g - an uncursed ring of poison resistance {rPois, !d}
   (You found it on level 1 of the Dungeon)
 u - an amulet of the acrobat (around neck)
   (You found it on level 2 of the Dungeon)
 F - an uncursed ring of wizardry {Wiz+, !d}
   (You found it on level 9 of the Dungeon)
 G - an uncursed ring of protection from cold {rC+, !d}
   (You found it on level 4 of the Shoals)
 N - a +5 ring of protection
   (You found it on level 11 of the Dungeon)
 O - a +4 ring of slaying (right hand)
   (You found it on level 1 of the Vaults)
Wands
 y - a wand of digging (56)
   (You found it on level 9 of the Dungeon)
 I - a wand of clouds (4)
   (You found it on level 2 of the Vaults)
 P - a wand of paralysis (21)
   (You found it on level 1 of the Lair of Beasts)
 U - a wand of acid (7)
   (You found it in a labyrinth)
 Y - a wand of scattershot (20)
   (You took it off Erolcha on level 13 of the Dungeon)
Scrolls
 i - a scroll of magic mapping {!r}
 k - 6 scrolls of fog
 m - 7 scrolls of teleportation
 r - 6 scrolls of remove curse
 s - a scroll of brand weapon
 w - a scroll of summoning
 R - 10 scrolls of identify
Potions
 a - 3 potions of mutation {!q}
 c - a potion of brilliance
 f - 6 potions of flight
 j - 6 potions of lignification {!q}
 q - a potion of curing
 x - 3 potions of magic
 S - 4 potions of agility
 T - 6 potions of might
 W - 2 potions of resistance
Miscellaneous
 h - a fan of gales
   (You found it on level 1 of the Vaults)
 n - a phantom mirror
 D - a lamp of fire
   (You found it on level 4 of the Shoals)
Comestibles
 d - 48 rations
 l - 11 chunks of flesh {@w0}


   Skills:
 + Level 14.9 Fighting
 + Level 14.3 Short Blades
 + Level 14.3 Long Blades
 + Level 14.9 Axes
 + Level 14.3 Maces & Flails
 + Level 14.3 Polearms
 + Level 14.3 Staves
 + Level 14.3 Slings
 + Level 14.3 Bows
 + Level 14.3 Crossbows
 + Level 14.3 Throwing
 + Level 14.5 Armour
 + Level 14.9 Dodging
 + Level 14.3 Stealth
 + Level 14.3 Shields
 + Level 14.3 Unarmed Combat
 + Level 15.0 Spellcasting
 + Level 12.3 Conjurations
 + Level 12.3 Hexes
 + Level 13.3 Charms
 + Level 12.3 Summonings
 + Level 12.3 Necromancy
 + Level 12.3 Translocations
 + Level 12.3 Transmutations
 + Level 12.3 Fire Magic
 + Level 12.3 Ice Magic
 + Level 12.3 Air Magic
 + Level 12.3 Earth Magic
 + Level 12.3 Poison Magic
 + Level 15.4 Invocations
 + Level 14.3 Evocations


You had 38 spell levels left.
You knew the following spells:

 Your Spells              Type           Power        Failure   Level  Hunger
a - Infusion              Chrm           ####         1%          1    None
b - Song of Slaying       Chrm           ######..     1%          2    None
c - Shroud of Golubria    Chrm/Tloc      ######....   1%          2    None
d - Regeneration          Chrm/Necr      ######....   3%          3    None
e - Conjure Flame         Conj/Fire      ######..     4%          3    None
f - Ensorcelled Hibernat  Hex/Ice        ######       1%          2    None

Your spell library contained the following spells:

 Spells                   Type           Power        Failure   Level  Hunger
 Beastly Appendage        Tmut           ######       1%          1    None
 Confusing Touch          Hex            ######       1%          1    None
 Corona                   Hex            ######.      1%          1    None
 Magic Dart               Conj           ####         1%          1    None
 Blink                    Tloc           N/A          1%          2    None
 Call Imp                 Summ           ######..     1%          2    None
 Passwall                 Tmut/Erth      ######..     1%          2    None
 Searing Ray              Conj           ######       1%          2    None
 Slow                     Hex            ######..     1%          2    None
 Sticks to Snakes         Tmut           ######..     1%          2    None
 Swiftness                Chrm/Air       ######..     1%          2    None
 Spectral Weapon          Hex/Chrm       ######..     3%          3    None
 Confuse                  Hex            ######..     4%          3    None
 Dazzling Spray           Conj/Hex       ######       4%          3    None
 Gell's Gravitas          Tloc           ######....   4%          3    None
 Mephitic Cloud           Conj/Pois/Air  ######..     4%          3    None
 Spider Form              Tmut/Pois      ######....   4%          3    None
 Tukima's Dance           Hex            ######..     4%          3    None
 Force Lance              Conj/Tloc      ######..     14%         4    None
 Fulminant Prism          Conj/Hex       ######....   14%         4    None
 Ice Form                 Ice/Tmut       ######..     14%         4    None
 Iskenderun's Mystic Bla  Conj           ######..     14%         4    None
 Passage of Golubria      Tloc           N/A          14%         4    None
 Petrify                  Tmut/Erth      ######..     14%         4    None
 Iskenderun's Battlesphe  Conj/Chrm      ######..     32%         5    ####...
 Blade Hands              Tmut           ######....   36%         5    ####...
 Bolt of Magma            Conj/Fire/Erth ######....   36%         5    ####...
 Lee's Rapid Deconstruct  Erth           ######....   36%         5    ####...
 Metabolic Englaciation   Hex/Ice        ######....   36%         5    ####...
 Venom Bolt               Conj/Pois      ######....   36%         5    ####...
 Yara's Violent Unravell  Hex/Tmut       ######....   36%         5    ####...
 Bolt of Cold             Conj/Ice       ######....   91%         6    #####..
 Darkness                 Hex            ######....   91%         6    #####..
 Freezing Cloud           Conj/Ice/Air   ######....   91%         6    #####..
 Invisibility             Hex            ######..     91%         6    #####..
 Iron Shot                Conj/Erth      ######....   91%         6    #####..
 Ozocubu's Refrigeration  Ice            ######....   91%         6    #####..
 Poison Arrow             Conj/Pois      ######....   91%         6    #####..
 Simulacrum               Ice/Necr       ######....   91%         6    #####..
 Orb of Destruction       Conj           ######....   100%        7    #######
 Spellforged Servitor     Conj/Summ      ######....   100%        7    #######
 Chain Lightning          Conj/Air       ######....   100%        8    #######
 Lehudib's Crystal Spear  Conj/Erth      ######....   100%        8    #######
 Fire Storm               Conj/Fire      ######....   100%        9    #######
 Glaciate                 Conj/Ice       ######....   100%        9    #######


Dungeon Overview and Level Annotations

Branches:
Dungeon (15/15)            Temple (0/1) D:4            Lair (6/6) D:11
 Shoals (4/4) Lair:2        Snake (4/4) Lair:3        Slime (0/5) Lair:5
    Orc (2/2) D:11            Elf (0/3) Orc:2        Vaults (4/5) D:13
  Crypt (0/3) Vaults:3     Depths (0/5) D:15

Altars:
Ashenzari
Cheibriados
Dithmenos
Fedhas
Gozag
Hepliaklqana
Kikubaaqudgha
Makhleb
Okawaru
Qazlal
Ru
Trog
Uskayaw
Xom
Yredelemnul
The Shining One
Beogh
Jiyva

Shops:
D:9 (%?}   Orc:2 ([[   Snake:2 [

Annotations:
D:8 1 runed door, HaroldButt's ghost, novice TrMo; Psyche


Innate Abilities, Weirdness & Mutations

Your experience applies equally to all skills.
You have very sharp teeth.
Your uncanny sense of smell can sniff out nearby items.


Message History

You burn the ironheart preserver.
You block the ironheart preserver's attack.
You block the vault guard's attack.
The earth elemental hits you but does no damage.
You hit the ironheart preserver. You burn the ironheart preserver.
The ironheart preserver is lightly wounded.
You hit the vault guard but do no damage.
You slash the earth elemental!
Your shield and plate armour prevent you from hitting the vault sentinel.
You hit the vault warden. You burn the vault warden.
The vault sentinel casts a spell at you.
You struggle to resist.
The ironheart preserver hits you but does no damage.
The vault warden hits you with a great sword!
The vault guard hits you but does no damage.
You slash the vault sentinel! You burn the vault sentinel.
You kill the vault sentinel!
Okawaru accepts your kill.
You hit the vault warden. You burn the vault warden.
You barely miss the ironheart preserver.
You slash the vault guard! You burn the vault guard.
You kill the vault guard!
Okawaru accepts your kill.
You slash the earth elemental!
You destroy the earth elemental!
Your song is almost over.
The ironheart preserver mumbles some strange words.
The ironheart preserver begins to accept its allies' injuries.
The vault warden completely misses you.
Items here: ( )) [[[ † You slice the deep elf archer!!
You burn the deep elf archer.
The deep elf archer is moderately wounded.
You completely miss the vault warden. You slice the ironheart preserver!!
You burn the ironheart preserver!
The deep elf archer unwields an uncursed shortbow.
The deep elf archer wields an uncursed dagger.
You block the deep elf archer's attack. You block the vault warden's attack.
You block the ironheart preserver's attack.
You completely miss the deep elf archer.
You bite the deep elf archer.
The deep elf archer is moderately wounded.
You slash the ironheart preserver! You burn the ironheart preserver.
You slash the vault warden! You burn the vault warden.
The deep elf mage casts a spell.
The deep elf mage blinks!
The deep elf archer hits you with an uncursed dagger.
The vault warden hits you with a great sword!!
* * * LOW HITPOINT WARNING * * *
You slice the deep elf archer!! You burn the deep elf archer.
The deep elf archer is almost dead.
You slash the ironheart preserver! You burn the ironheart preserver.
You kill the ironheart preserver!
Okawaru accepts your kill.
You slash the vault warden! You burn the vault warden.
The deep elf archer casts a spell at you.
You feel yourself slow down.
You slash the deep elf archer! You burn the deep elf archer.
You kill the deep elf archer!
Okawaru accepts your kill.
You slash the wraith! You burn the wraith. You slash the vault warden!
You burn the vault warden.
Your song has ended.
You block the wraith's attack.
The vault warden hits you with a great sword!
* * * LOW HITPOINT WARNING * * *
You block the wraith's attack.
Unknown command.
Unknown command.
Unknown command.
Unknown command.
You slash the wraith! You burn the wraith. You bite the wraith.
You destroy the wraith!
Okawaru accepts your kill.
You hit the vault warden. You burn the vault warden.
The vault warden closely misses you.
The deep elf mage points at you and mumbles some strange words.
The stone arrow hits you! You block the vault warden's attack.
Unknown command.
Unknown command.
Unknown command.
You close the door, pushing everything out of the way.
The skeletal warrior closely misses you.
You block the skeletal warrior's attack.
The vault warden hits you but does no damage.
You slash the skeletal warrior! You burn the skeletal warrior.
Your bite misses the skeletal warrior.
The skeletal warrior is lightly damaged.
Your plate armour prevents you from hitting the vault warden.
The skeletal warrior hits you with a war axe!
* * * LOW HITPOINT WARNING * * *
You block the vault warden's attack.
A deep elf mage opens the door.
Unknown command.
Unknown command.
You feel yourself speed up.
You block the skeletal warrior's attack.
The vault warden hits you with a great sword!
* * * LOW HITPOINT WARNING * * *
The deep elf mage casts a spell at you. The bolt of magma hits you!
You partially resist.
You die...

.#.........+..#...###...#..#
..#####....#...............#
..# ######...............#
..# ##......#......## ..#
##....###....## ..#
##....#....## .. ##e†.....##
. #######'####### #....)z@#
#.....)p## .......## ......#
.....# ..... .... ..#.


You could see a vault warden, a skeletal warrior and a deep elf mage.

Vanquished Creatures
  Vashnia (Snake:2)
  Saint Roka (Orc:2)
  Nikola (Shoals:1)
  A tentacled monstrosity (Vaults:3)
  2 Ice Fiends (IceCv)
  A sphinx (Vaults:3)
  An Executioner (Abyss:3)
  Kirke (Snake:3)
  A tentacled starspawn (Abyss:3)
  Gastronok (D:9)
  A shadow dragon (Vaults:4)
  2 tengu reavers
  Ilsuiw (Shoals:3)
  10 nagarajas
  4 fire giants
  9 vault wardens
  An orc warlord (Orc:2)
  3 cacodemons (Abyss:3)
  A frost giant (Vaults:3)
  4 deep elf sorcerers
  A curse skull (Vaults:3)
  A war gargoyle (Vaults:2)
  4 stone giants
  18 ironheart preservers
  2 entropy weavers
  A white draconian (Abyss:2)
  2 deep elf demonologists
  A minotaur (Lab)
  3 deep elf annihilators (Vaults:4)
  Snorg (Lair:3)
  2 ettins
  6 merfolk javelineers
  A crystal guardian (Vaults:3)
  8 merfolk impalers
  7 yaktaur captains
  3 ice dragons
  3 fire dragons
  7 ogre magi
  A great orb of eyes (Vaults:4)
  2 rakshasas
  8 vault guards
  10 naga warriors
  7 hydras
  Erolcha (D:13)
  A catoblepas (Lair:4)
  20 two-headed ogres
  6 merfolk avatars
  11 centaur warriors
  4 merfolk aquamancers
  A satyr (Shoals:3)
  20 anacondas
  3 deep troll shamans (Vaults:1)
  2 death knights (Vaults:4)
  An alligator snapping turtle (Shoals:3)
  4 deep troll earth magi (Vaults:1)
  4 death yaks (Lair:6)
  6 shock serpents
  11 naga sharpshooters
  3 orc high priests
  A hell hog (Abyss:3)
  4 deep elf knights
  Nergalle (Lair:3)
  A fire crab (Lair:6)
  A sixfirhy (Vaults:3)
  5 skeletal warriors
  2 wretched stars
  19 sea snakes
  An unseen horror (shapeshifter) (Vaults:4)
  2 salamander mystics (Snake:2)
  19 deep trolls
  4 glowing orange brains
  5 unseen horrors
  A kraken simulacrum (Shoals:4)
  3 naga ritualists
  3 phantasmal warriors
  12 ironbrand convokers
  2 necromancers (Vaults:3)
  4 wizards
  2 flayed ghosts (Vaults:4)
  13 orc knights
  A lindwurm (Lair:6)
  7 deep elf archers
  15 deep elf magi
  15 harpies
  8 mana vipers
  6 orc sorcerers
  3 fauns
  2 fire giant zombies (Vaults:3)
  A shining eye (Abyss:3)
  13 salamanders
  10 manticores
  33 ugly things
  5 cyclopes
  A worldbinder (Abyss:3)
  5 wolf spiders
  A salamander (shapeshifter) (Vaults:2)
  33 black mambas
  2 ice statues (IceCv)
  7 merfolk sirens
  21 vault sentinels
  A guardian serpent (shapeshifter) (Vaults:2)
  6 guardian serpents
  5 water nymphs
  5 elephants (Lair:5)
  A water nymph (shapeshifter) (Vaults:1)
  2 smoke demons (Abyss:3)
  18 naga magi
  2 molten gargoyles (Lair:6)
  7 spiny frogs
  2 gargoyles
  5 torpor snails
  An eye of devastation (Abyss:3)
  An orange demon (Abyss:3)
  7 freezing wraiths
  10 komodo dragons
  2 kobold demonologists (D:15)
  A rime drake (Lair:3)
  14 ice devils (IceCv)
  2 efreet
  41 yaktaurs
  24 merfolk
  A tengu conjurer (D:13)
  2 jumping spiders (Vaults:2)
  6 wind drakes
  A merfolk (shapeshifter) (Vaults:1)
  A tengu simulacrum (Vaults:1)
  5 trolls
  A polar bear (Lair:3)
  A hornet (D:15)
  2 raiju (shapeshifter)
  27 slime creatures
  7 snapping turtles
  3 raiju (Abyss:3)
  A blink frog (Abyss:3)
  7 hippogriffs
  2 dream sheep (Lair:5)
  A meliai zombie (D:15)
  3 redbacks
  21 large abominations
  2 ynoxinuls
  2 flying skulls (Abyss:3)
  14 wyverns
  2 wraiths
  2 tarantellas
  11 water elementals
  A vampire (Abyss:3)
  2 shadows
  An ettin skeleton (Vaults:3)
  6 fire bats (Volcano)
  61 yaks
  4 hogs (D:7)
  2 neqoxecs (Abyss:3)
  4 basilisks
  3 steam dragons
  A human (D:7)
  3 golden eyes (Abyss:3)
  A yaktaur simulacrum (Vaults:3)
  3 hungry ghosts
  An insubstantial wisp (Abyss:3)
  7 wargs
  A soldier ant (D:15)
  54 nagas
  2 acid dragons
  6 hell hounds
  29 water moccasins
  8 porcupines
  60 orc warriors
  3 ice beasts
  3 sky beasts
  3 human zombies (Vaults:3)
  4 black bears
  26 ogres
  A phantom (D:6)
  4 boggarts (Vaults:3)
  16 centaurs
  5 big kobolds
  6 crocodiles
  16 bullfrogs
  A gnoll sergeant (D:11)
  A water moccasin zombie (D:9)
  17 small abominations (Abyss:3)
  4 scorpions
  2 wyvern skeletons
  A water moccasin skeleton (D:6)
  3 human simulacra (Vaults:3)
  11 killer bees
  13 wights
  8 electric eels
  5 lava snakes (Lair:6)
  A quasit (D:13)
  2 bullfrog zombies
  5 crimson imps
  A jelly (D:12)
  4 hounds
  27 orc priests
  7 centaur zombies
  8 centaur skeletons
  29 orc wizards
  3 bullfrog skeletons (D:12)
  7 iguanas
  11 worker ants
  A howler monkey skeleton (D:7)
  A howler monkey zombie (D:6)
  A worker ant zombie (D:11)
  14 adders
  13 gnolls
  A river rat (Sewer)
  6 shadow imps
  6 white imps (IceCv)
  5 ufetubi (IceCv)
  3 oozes
  An adder skeleton (D:4)
  A worm (D:4)
  2 dart slugs
  6 leopard geckos
  119 orcs
  13 bats
  3 giant cockroaches
  9 goblins
  4 hobgoblins
  14 jackals
  19 kobolds
  A quokka (D:2)
  10 ball pythons
  4 frilled lizards
  4 quokka skeletons
  10 rats
  A macabre mass (Abyss:3)
  A plant (Shoals:3)
  A starspawn tentacle (Abyss:3)
1612 creatures vanquished.

Vanquished Creatures (collateral kills)
  A rakshasa (Vaults:3)
  A two-headed ogre (Vaults:3)
  An ogre mage (Vaults:3)
  A wizard (Vaults:3)
  A worker ant (D:8)
5 creatures vanquished.

Vanquished Creatures (others)
  A large abomination (Abyss:3)
  An ironbrand convoker (Vaults:3)
  A harpy (Shoals:3)
  A salamander (shapeshifter) (Vaults:3)
  A snapping turtle (Shoals:4)
  A wyvern (Volcano)
  5 humans (Snake:3)
  A steam dragon (Volcano)
  A naga (Snake:3)
  An orc warrior (Vaults:2)
  3 white imps (IceCv)
  3 ufetubi (IceCv)
  4 orcs
  11 fungi
  A lurking horror (Abyss:3)
  39 plants
  2 starspawn tentacles (Abyss:3)
  4 tentacles (Shoals:4)
81 creatures vanquished.

Grand Total: 1698 creatures vanquished

Notes
Turn   | Place    | Note
-------+----------+-------------------------------------------
     0 | D:1      | Mgcat the Gnoll Skald began the quest for the Orb.
     0 | D:1      | Reached XP level 1. HP: 20/20 MP: 6/6
    69 | D:1      | Reached XP level 2. HP: 24/26 MP: 7/7
   306 | D:1      | Learned a level 2 spell: Song of Slaying
   309 | D:1      | Learned a level 2 spell: Shroud of Golubria
   656 | D:1      | Reached XP level 3. HP: 28/31 MP: 9/9
   691 | D:1      | Reached skill level 5 in Spellcasting
   896 | D:2      | Reached skill level 1 in Invocations
  1098 | D:2      | Found a bloodstained altar of Trog.
  1106 | D:2      | Reached skill level 1 in Short Blades
  1106 | D:2      | Reached skill level 1 in Long Blades
  1106 | D:2      | Reached skill level 1 in Maces & Flails
  1106 | D:2      | Reached skill level 1 in Polearms
  1106 | D:2      | Reached skill level 1 in Staves
  1106 | D:2      | Reached skill level 1 in Slings
  1106 | D:2      | Reached skill level 1 in Bows
  1106 | D:2      | Reached skill level 1 in Crossbows
  1106 | D:2      | Reached skill level 1 in Throwing
  1106 | D:2      | Reached skill level 1 in Stealth
  1106 | D:2      | Reached skill level 1 in Shields
  1106 | D:2      | Reached skill level 1 in Unarmed Combat
  1106 | D:2      | Reached skill level 1 in Evocations
  1142 | D:2      | Reached XP level 4. HP: 38/38 MP: 11/11
  1147 | D:2      | Learned a level 3 spell: Regeneration
  2056 | D:3      | Reached skill level 1 in Conjurations
  2056 | D:3      | Reached skill level 1 in Hexes
  2056 | D:3      | Reached skill level 1 in Summonings
  2056 | D:3      | Reached skill level 1 in Necromancy
  2056 | D:3      | Reached skill level 1 in Translocations
  2056 | D:3      | Reached skill level 1 in Transmutations
  2056 | D:3      | Reached skill level 1 in Fire Magic
  2056 | D:3      | Reached skill level 1 in Ice Magic
  2056 | D:3      | Reached skill level 1 in Air Magic
  2056 | D:3      | Reached skill level 1 in Earth Magic
  2056 | D:3      | Reached skill level 1 in Poison Magic
  2267 | D:3      | Found a shimmering altar of Xom.
  2334 | D:3      | Reached XP level 5. HP: 43/43 MP: 12/12
  2345 | D:3      | Found an iron altar of Okawaru.
  2378 | D:3      | Became a worshipper of Warmaster Okawaru
  2829 | D:3      | Found a snail-covered altar of Cheibriados.
  2881 | D:3      | Reached skill level 3 in Armour
  3147 | D:4      | Found a staircase to the Ecumenical Temple.
  3162 | D:4      | Reached XP level 6. HP: 26/50 MP: 9/13
  3325 | D:4      | Reached skill level 2 in Invocations
  3386 | D:4      | Found an opulent altar of Gozag.
  3449 | D:4      | Found a basalt altar of Yredelemnul.
  3452 | D:4      | Found a stormy altar of Qazlal.
  3736 | D:5      | Entered Level 5 of the Dungeon
  3918 | D:5      | Got a crystal rapier
  3921 | D:5      | Identified the cursed +1 rapier "Wenutopt" {pierce, Dex+5}
                  | (You found it on level 5 of the Dungeon)
  3972 | D:5      | Reached skill level 5 in Fighting
  3972 | D:5      | Reached skill level 5 in Axes
  3972 | D:5      | Reached skill level 5 in Dodging
  3996 | D:5      | Reached skill level 2 in Short Blades
  3996 | D:5      | Reached skill level 2 in Long Blades
  3996 | D:5      | Reached skill level 2 in Maces & Flails
  3996 | D:5      | Reached skill level 2 in Polearms
  3996 | D:5      | Reached skill level 2 in Staves
  3996 | D:5      | Reached skill level 2 in Slings
  3996 | D:5      | Reached skill level 2 in Bows
  3996 | D:5      | Reached skill level 2 in Crossbows
  3996 | D:5      | Reached skill level 2 in Throwing
  3996 | D:5      | Reached skill level 2 in Stealth
  3996 | D:5      | Reached skill level 2 in Shields
  3996 | D:5      | Reached skill level 2 in Unarmed Combat
  3996 | D:5      | Reached skill level 2 in Evocations
  4031 | D:5      | Reached * piety under Okawaru
  4106 | D:5      | HP: 12/51 [orc priest/mace (8)]
  4110 | D:5      | Reached XP level 7. HP: 42/56 MP: 15/15
  5025 | D:6      | Found a burning altar of Makhleb.
  5036 | D:6      | Reached skill level 2 in Conjurations
  5036 | D:6      | Reached skill level 2 in Hexes
  5036 | D:6      | Reached skill level 2 in Summonings
  5036 | D:6      | Reached skill level 2 in Necromancy
  5036 | D:6      | Reached skill level 2 in Translocations
  5036 | D:6      | Reached skill level 2 in Transmutations
  5036 | D:6      | Reached skill level 2 in Fire Magic
  5036 | D:6      | Reached skill level 2 in Ice Magic
  5036 | D:6      | Reached skill level 2 in Air Magic
  5036 | D:6      | Reached skill level 2 in Earth Magic
  5036 | D:6      | Reached skill level 2 in Poison Magic
  5044 | D:6      | Got an iridescent great sword
  5045 | D:6      | Identified the +4 great sword of Welfare {elec, rPois} (You
                  | found it on level 6 of the Dungeon)
  5220 | D:6      | Found a glowing golden altar of the Shining One.
  5253 | D:6      | HP: 9/56 [orc priest/divine providence (11)]
  5569 | D:6      | Found a glowing drain.
  5578 | Sewer    | Entered a sewer
  5652 | Sewer    | Reached ** piety under Okawaru
  5652 | Sewer    | Reached skill level 3 in Invocations
  5681 | Sewer    | Found a white marble altar of Elyvilon.
  5760 | D:6      | Reached XP level 8. HP: 49/63 MP: 13/16
  5765 | D:6      | Reached skill level 6 in Charms
  5827 | D:6      | Reached skill level 3 in Short Blades
  5827 | D:6      | Reached skill level 3 in Long Blades
  5827 | D:6      | Reached skill level 3 in Maces & Flails
  5827 | D:6      | Reached skill level 3 in Polearms
  5827 | D:6      | Reached skill level 3 in Staves
  5827 | D:6      | Reached skill level 3 in Slings
  5827 | D:6      | Reached skill level 3 in Bows
  5827 | D:6      | Reached skill level 3 in Crossbows
  5827 | D:6      | Reached skill level 3 in Throwing
  5827 | D:6      | Reached skill level 4 in Armour
  5827 | D:6      | Reached skill level 3 in Stealth
  5827 | D:6      | Reached skill level 3 in Shields
  5827 | D:6      | Reached skill level 3 in Unarmed Combat
  5827 | D:6      | Reached skill level 3 in Evocations
  5828 | D:6      | Upgraded the game from 0.23-a0-143-g1adec7b to
                  | 0.23-a0-151-gf6d1ed2
  5932 | D:6      | Reached skill level 6 in Spellcasting
  6208 | D:7      | Found a sacrificial altar of Ru.
  6274 | D:7      | Found a hazy altar of Hepliaklqana.
  6367 | D:7      | Learned a level 3 spell: Conjure Flame
  6428 | D:7      | Found a shattered altar of Ashenzari.
  6551 | D:7      | Found a shadowy altar of Dithmenos.
  6576 | D:7      | Found an ancient bone altar of Kikubaaqudgha.
  6696 | D:7      | Reached *** piety under Okawaru
  6696 | D:7      | Reached skill level 3 in Conjurations
  6696 | D:7      | Reached skill level 3 in Hexes
  6696 | D:7      | Reached skill level 3 in Summonings
  6696 | D:7      | Reached skill level 3 in Necromancy
  6696 | D:7      | Reached skill level 3 in Translocations
  6696 | D:7      | Reached skill level 3 in Transmutations
  6696 | D:7      | Reached skill level 3 in Fire Magic
  6696 | D:7      | Reached skill level 3 in Ice Magic
  6696 | D:7      | Reached skill level 3 in Air Magic
  6696 | D:7      | Reached skill level 3 in Earth Magic
  6696 | D:7      | Reached skill level 3 in Poison Magic
  6696 | D:7      | Reached skill level 4 in Invocations
  6701 | D:7      | Reached skill level 6 in Fighting
  6701 | D:7      | Reached skill level 6 in Axes
  6701 | D:7      | Reached skill level 6 in Dodging
  6701 | D:7      | Reached XP level 9. HP: 69/69 MP: 13/18
  6716 | D:7      | Reached skill level 4 in Short Blades
  6716 | D:7      | Reached skill level 4 in Long Blades
  6716 | D:7      | Reached skill level 4 in Maces & Flails
  6716 | D:7      | Reached skill level 4 in Polearms
  6716 | D:7      | Reached skill level 4 in Staves
  6716 | D:7      | Reached skill level 4 in Slings
  6716 | D:7      | Reached skill level 4 in Bows
  6716 | D:7      | Reached skill level 4 in Crossbows
  6716 | D:7      | Reached skill level 4 in Throwing
  6716 | D:7      | Reached skill level 4 in Stealth
  6716 | D:7      | Reached skill level 4 in Shields
  6716 | D:7      | Reached skill level 4 in Unarmed Combat
  6716 | D:7      | Reached skill level 4 in Evocations
  6993 | D:7      | Reached skill level 5 in Armour
  7323 | D:8      | Noticed Psyche
  7344 | D:8      | Reached **** piety under Okawaru
  7598 | D:8      | Found a runed door.
  7599 | D:8      | Noticed HaroldButt's ghost (novice TrMo)
  7621 | D:8      | Reached skill level 5 in Invocations
  7905 | D:8      | Noticed a two-headed ogre
  7917 | D:8      | Killed a two-headed ogre
  7917 | D:8      | Reached skill level 7 in Spellcasting
  7917 | D:8      | Reached skill level 4 in Conjurations
  7917 | D:8      | Reached skill level 4 in Hexes
  7917 | D:8      | Reached skill level 4 in Summonings
  7917 | D:8      | Reached skill level 4 in Necromancy
  7917 | D:8      | Reached skill level 4 in Translocations
  7917 | D:8      | Reached skill level 4 in Transmutations
  7917 | D:8      | Reached skill level 4 in Fire Magic
  7917 | D:8      | Reached skill level 4 in Ice Magic
  7917 | D:8      | Reached skill level 4 in Air Magic
  7917 | D:8      | Reached skill level 4 in Earth Magic
  7917 | D:8      | Reached skill level 4 in Poison Magic
  7917 | D:8      | Reached XP level 10. HP: 46/77 MP: 17/20
  8269 | D:9      | Reached skill level 5 in Short Blades
  8269 | D:9      | Reached skill level 5 in Long Blades
  8269 | D:9      | Reached skill level 5 in Maces & Flails
  8269 | D:9      | Reached skill level 5 in Polearms
  8269 | D:9      | Reached skill level 5 in Staves
  8269 | D:9      | Reached skill level 5 in Slings
  8269 | D:9      | Reached skill level 5 in Bows
  8269 | D:9      | Reached skill level 5 in Crossbows
  8269 | D:9      | Reached skill level 5 in Throwing
  8269 | D:9      | Reached skill level 5 in Stealth
  8269 | D:9      | Reached skill level 5 in Shields
  8269 | D:9      | Reached skill level 5 in Unarmed Combat
  8269 | D:9      | Reached skill level 5 in Evocations
  8299 | D:9      | Found a hide-covered altar of Uskayaw.
  8344 | D:9      | Received a gift from Okawaru
  8348 | D:9      | Reached skill level 7 in Charms
  8501 | D:9      | Found Ryosior's Magic Scroll Emporium.
  8516 | D:9      | Bought a scroll of remove curse for 48 gold pieces
  8548 | D:9      | Reached ***** piety under Okawaru
  8548 | D:9      | Reached skill level 7 in Fighting
  8548 | D:9      | Reached skill level 7 in Axes
  8548 | D:9      | Reached skill level 7 in Dodging
  8558 | D:9      | Received a gift from Okawaru
  8632 | D:9      | Reached skill level 6 in Armour
  8683 | D:9      | Found Zufurgh's Food Shoppe.
  8720 | D:9      | Found Nefemequahy's Antique Weapon Emporium.
  8728 | D:9      | Bought a crude dire flail for 234 gold pieces
  8728 | D:9      | Identified the +5 dire flail of Intimidation {flame, Dex+3}
                  | (You bought it in a shop on level 9 of the Dungeon)
  8792 | D:9      | Found Nouhosee's Gadget Shop.
  8826 | D:9      | Found a blossoming altar of Fedhas.
  8882 | D:9      | Noticed Gastronok
  8899 | D:9      | Killed Gastronok
  8899 | D:9      | Reached skill level 6 in Invocations
  8899 | D:9      | Reached XP level 11. HP: 84/84 MP: 6/22
  9272 | D:10     | Entered Level 10 of the Dungeon
  9476 | D:10     | Reached skill level 6 in Short Blades
  9476 | D:10     | Reached skill level 6 in Long Blades
  9476 | D:10     | Reached skill level 6 in Maces & Flails
  9476 | D:10     | Reached skill level 6 in Polearms
  9476 | D:10     | Reached skill level 6 in Staves
  9476 | D:10     | Reached skill level 6 in Slings
  9476 | D:10     | Reached skill level 6 in Bows
  9476 | D:10     | Reached skill level 6 in Crossbows
  9476 | D:10     | Reached skill level 6 in Throwing
  9476 | D:10     | Reached skill level 6 in Stealth
  9476 | D:10     | Reached skill level 6 in Shields
  9476 | D:10     | Reached skill level 6 in Unarmed Combat
  9476 | D:10     | Reached skill level 6 in Evocations
  9826 | D:10     | Received a gift from Okawaru
  9826 | D:10     | Reached skill level 5 in Conjurations
  9826 | D:10     | Reached skill level 5 in Hexes
  9826 | D:10     | Reached skill level 5 in Summonings
  9826 | D:10     | Reached skill level 5 in Necromancy
  9826 | D:10     | Reached skill level 5 in Translocations
  9826 | D:10     | Reached skill level 5 in Transmutations
  9826 | D:10     | Reached skill level 5 in Fire Magic
  9826 | D:10     | Reached skill level 5 in Ice Magic
  9826 | D:10     | Reached skill level 5 in Air Magic
  9826 | D:10     | Reached skill level 5 in Earth Magic
  9826 | D:10     | Reached skill level 5 in Poison Magic
  9829 | D:10     | Got an ichor-stained large shield {god gift}
  9869 | D:9      | Identified the +0 large shield of Jaonapal {+Inv rPois rC+}
                  | (Okawaru gifted it to you on level 10 of the Dungeon)
 10434 | D:11     | Reached skill level 8 in Spellcasting
 10543 | D:11     | Identified a scroll of acquirement
 10575 | D:11     | Noticed a wolf spider
 10578 | D:11     | Killed a wolf spider
 10586 | D:11     | Noticed a four-headed hydra
 10594 | D:11     | Killed a four-headed hydra
 10617 | D:11     | Reached skill level 7 in Invocations
 10709 | D:11     | Noticed a green ugly thing
 10718 | D:11     | Killed a green ugly thing
 10718 | D:11     | Reached skill level 8 in Fighting
 10718 | D:11     | Reached skill level 8 in Axes
 10718 | D:11     | Reached skill level 7 in Armour
 10718 | D:11     | Reached skill level 8 in Dodging
 10873 | D:11     | Noticed a red ugly thing
 10896 | D:11     | Killed a red ugly thing
 11026 | D:11     | Reached XP level 12. HP: 76/93 MP: 18/24
 11031 | D:11     | Found a staircase to the Lair.
 11067 | D:11     | Reached skill level 8 in Charms
 11251 | D:11     | Reached skill level 7 in Short Blades
 11251 | D:11     | Reached skill level 7 in Long Blades
 11251 | D:11     | Reached skill level 7 in Maces & Flails
 11251 | D:11     | Reached skill level 7 in Polearms
 11251 | D:11     | Reached skill level 7 in Staves
 11251 | D:11     | Reached skill level 7 in Slings
 11251 | D:11     | Reached skill level 7 in Bows
 11251 | D:11     | Reached skill level 7 in Crossbows
 11251 | D:11     | Reached skill level 7 in Throwing
 11251 | D:11     | Reached skill level 7 in Stealth
 11251 | D:11     | Reached skill level 7 in Shields
 11251 | D:11     | Reached skill level 7 in Unarmed Combat
 11251 | D:11     | Reached skill level 7 in Evocations
 11388 | D:11     | Found a staircase to the Orcish Mines.
 11707 | Lair:1   | Entered Level 1 of the Lair of Beasts
 11758 | Lair:1   | Received a gift from Okawaru
 12027 | Lair:1   | Reached skill level 6 in Conjurations
 12027 | Lair:1   | Reached skill level 6 in Hexes
 12027 | Lair:1   | Reached skill level 6 in Summonings
 12027 | Lair:1   | Reached skill level 6 in Necromancy
 12027 | Lair:1   | Reached skill level 6 in Translocations
 12027 | Lair:1   | Reached skill level 6 in Transmutations
 12027 | Lair:1   | Reached skill level 6 in Fire Magic
 12027 | Lair:1   | Reached skill level 6 in Ice Magic
 12027 | Lair:1   | Reached skill level 6 in Air Magic
 12027 | Lair:1   | Reached skill level 6 in Earth Magic
 12027 | Lair:1   | Reached skill level 6 in Poison Magic
 12552 | Lair:2   | Found a staircase to the Shoals.
 12731 | Lair:2   | Reached skill level 8 in Invocations
 12816 | Lair:2   | Reached skill level 9 in Spellcasting
 12844 | Lair:2   | Noticed a seven-headed hydra
 12851 | Lair:2   | Killed a seven-headed hydra
 13126 | Lair:2   | Reached skill level 8 in Armour
 13338 | Lair:3   | Found a staircase to the Snake Pit.
 13442 | Lair:3   | Noticed Snorg
 13454 | Lair:3   | Killed Snorg
 13454 | Lair:3   | Reached skill level 9 in Fighting
 13454 | Lair:3   | Reached skill level 9 in Axes
 13454 | Lair:3   | Reached skill level 9 in Dodging
 13543 | Lair:3   | Reached ****** piety under Okawaru
 13548 | Lair:3   | Reached XP level 13. HP: 70/101 MP: 26/26
 13552 | Lair:3   | Received a gift from Okawaru
 14241 | Lair:3   | Noticed Nergalle
 14264 | Lair:3   | Killed Nergalle
 14339 | Lair:4   | Reached skill level 8 in Short Blades
 14339 | Lair:4   | Reached skill level 8 in Long Blades
 14339 | Lair:4   | Reached skill level 8 in Maces & Flails
 14339 | Lair:4   | Reached skill level 8 in Polearms
 14339 | Lair:4   | Reached skill level 8 in Staves
 14339 | Lair:4   | Reached skill level 8 in Slings
 14339 | Lair:4   | Reached skill level 8 in Bows
 14339 | Lair:4   | Reached skill level 8 in Crossbows
 14339 | Lair:4   | Reached skill level 8 in Throwing
 14339 | Lair:4   | Reached skill level 8 in Stealth
 14339 | Lair:4   | Reached skill level 8 in Shields
 14339 | Lair:4   | Reached skill level 8 in Unarmed Combat
 14339 | Lair:4   | Reached skill level 8 in Evocations
 15122 | Lair:4   | Reached skill level 9 in Invocations
 15507 | Lair:5   | Found a shimmering altar of Xom.
 15533 | Lair:5   | Found a dark tunnel.
 15564 | Volcano  | Entered a volcano
 15581 | Volcano  | Received a gift from Okawaru
 15634 | Volcano  | Reached skill level 7 in Conjurations
 15634 | Volcano  | Reached skill level 7 in Hexes
 15634 | Volcano  | Reached skill level 9 in Charms
 15634 | Volcano  | Reached skill level 7 in Summonings
 15634 | Volcano  | Reached skill level 7 in Necromancy
 15634 | Volcano  | Reached skill level 7 in Translocations
 15634 | Volcano  | Reached skill level 7 in Transmutations
 15634 | Volcano  | Reached skill level 7 in Fire Magic
 15634 | Volcano  | Reached skill level 7 in Ice Magic
 15634 | Volcano  | Reached skill level 7 in Air Magic
 15634 | Volcano  | Reached skill level 7 in Earth Magic
 15634 | Volcano  | Reached skill level 7 in Poison Magic
 15927 | Volcano  | Reached skill level 9 in Armour
 15931 | Volcano  | Received a gift from Okawaru
 15946 | Volcano  | Got a faintly humming helmet {god gift}
 15957 | Volcano  | Identified the +1 helmet of the Spheres {Dex+4} (Okawaru
                  | gifted it to you in a volcano)
 15971 | Volcano  | Noticed a fire dragon
 15995 | Volcano  | Killed a fire dragon
 15995 | Volcano  | Reached skill level 10 in Spellcasting
 16302 | Lair:5   | Learned a level 2 spell: Ensorcelled Hibernation
 16372 | Lair:5   | Found a staircase to the Slime Pits.
 16372 | Lair:5   | Found a viscous altar of Jiyva.
 16387 | Lair:5   | Reached XP level 14. HP: 98/109 MP: 26/28
 16620 | Lair:5   | Reached skill level 10 in Fighting
 16620 | Lair:5   | Reached skill level 10 in Axes
 16620 | Lair:5   | Reached skill level 10 in Dodging
 16925 | Lair:6   | Entered Level 6 of the Lair of Beasts
 17043 | Lair:6   | Reached skill level 9 in Short Blades
 17043 | Lair:6   | Reached skill level 9 in Long Blades
 17043 | Lair:6   | Reached skill level 9 in Maces & Flails
 17043 | Lair:6   | Reached skill level 9 in Polearms
 17043 | Lair:6   | Reached skill level 9 in Staves
 17043 | Lair:6   | Reached skill level 9 in Slings
 17043 | Lair:6   | Reached skill level 9 in Bows
 17043 | Lair:6   | Reached skill level 9 in Crossbows
 17043 | Lair:6   | Reached skill level 9 in Throwing
 17043 | Lair:6   | Reached skill level 9 in Stealth
 17043 | Lair:6   | Reached skill level 9 in Shields
 17043 | Lair:6   | Reached skill level 9 in Unarmed Combat
 17043 | Lair:6   | Reached skill level 9 in Evocations
 17504 | Lair:6   | Received a gift from Okawaru
 17505 | Lair:6   | Found the +0 sword of Power
 17952 | Lair:6   | Found a large runed door.
 17953 | Lair:6   | Found a large runed door.
 17997 | Lair:6   | Reached skill level 10 in Invocations
 19189 | Orc:1    | Entered Level 1 of the Orcish Mines
 19280 | Orc:1    | Received a gift from Okawaru
 19343 | Orc:1    | Found a roughly hewn altar of Beogh.
 19805 | Orc:2    | Entered Level 2 of the Orcish Mines
 19865 | Orc:2    | Found a shimmering altar of Xom.
 19882 | Orc:2    | Found a roughly hewn altar of Beogh.
 19917 | Orc:2    | Found a roughly hewn altar of Beogh.
 19940 | Orc:2    | Received a gift from Okawaru
 19948 | Orc:2    | Found Cimmubb's Jewellery Boutique.
 20053 | Orc:2    | Found a flickering gateway to a bazaar.
 20062 | Bazaar   | Entered a bazaar
 20062 | Bazaar   | Found Koihuaha's Jewellery Boutique.
 20062 | Bazaar   | Found Kuofanicau's General Store.
 20077 | Bazaar   | Bought a cursed ring of teleportation for 72 gold pieces
 20081 | Bazaar   | Found Qesaar's Antique Weapon Emporium.
 20092 | Bazaar   | Found Mevotsed's Antique Armour Shop.
 20100 | Bazaar   | Bought an embroidered cloak for 172 gold pieces
 20100 | Bazaar   | Bought a runed cloak for 172 gold pieces
 20131 | Bazaar   | Found Otimic Baint's Distillery.
 20139 | Bazaar   | Bought a potion of resistance for 70 gold pieces
 20139 | Bazaar   | Bought a potion of resistance for 70 gold pieces
 20139 | Bazaar   | Bought a potion of lignification for 21 gold pieces
 20139 | Bazaar   | Bought a potion of haste for 70 gold pieces
 20139 | Bazaar   | Bought a potion of agility for 28 gold pieces
 20139 | Bazaar   | Bought a potion of agility for 28 gold pieces
 20139 | Bazaar   | Bought 2 potions of cancellation for 112 gold pieces
 20180 | Bazaar   | Bought a faintly humming ring mail for 207 gold pieces
 20193 | Bazaar   | Bought a glowing demon whip for 270 gold pieces
 20205 | Bazaar   | Identified the +0 ring mail of the Devil's Advocate {Str+4}
                  | (You bought it in a shop in a bazaar)
 20329 | Orc:2    | Found a staircase to the Elven Halls.
 20513 | Orc:2    | Found a roughly hewn altar of Beogh.
 20541 | Orc:2    | Found a roughly hewn altar of Beogh.
 20592 | Orc:2    | Found a roughly hewn altar of Beogh.
 20615 | Orc:2    | Found Qoheufas's Antique Armour Shoppe.
 20653 | Orc:2    | Bought a transparent scale mail for 270 gold pieces
 20663 | Orc:2    | Identified the cursed +1 scale mail "Letzihusm" {-Cast
                  | Str+10} (You bought it in a shop on level 2 of the Orcish
                  | Mines)
 20726 | Orc:2    | Noticed an orc warlord
 20756 | Orc:2    | Killed an orc warlord
 20756 | Orc:2    | Received a gift from Okawaru
 20768 | Orc:2    | Reached skill level 8 in Conjurations
 20768 | Orc:2    | Reached skill level 8 in Hexes
 20768 | Orc:2    | Reached skill level 8 in Summonings
 20768 | Orc:2    | Reached skill level 8 in Necromancy
 20768 | Orc:2    | Reached skill level 8 in Translocations
 20768 | Orc:2    | Reached skill level 8 in Transmutations
 20768 | Orc:2    | Reached skill level 8 in Fire Magic
 20768 | Orc:2    | Reached skill level 8 in Ice Magic
 20768 | Orc:2    | Reached skill level 8 in Air Magic
 20768 | Orc:2    | Reached skill level 8 in Earth Magic
 20768 | Orc:2    | Reached skill level 8 in Poison Magic
 20871 | Orc:2    | Reached XP level 15. HP: 117/117 MP: 29/29
 21142 | Orc:2    | Noticed Saint Roka
 21155 | Orc:2    | Reached skill level 10 in Armour
 21180 | Orc:2    | Killed Saint Roka
 21261 | Orc:2    | Found Doptyh's Antique Armour Boutique.
 21262 | Orc:2    | Found a roughly hewn altar of Beogh.
 21263 | Orc:2    | Found Luurig's Antique Weapon Shop.
 21417 | Orc:2    | Upgraded the game from 0.23-a0-151-gf6d1ed2 to
                  | 0.23-a0-164-g7711e57
 21882 | D:12     | Received a gift from Okawaru
 22481 | D:13     | Reached skill level 11 in Spellcasting
 22529 | D:13     | Noticed Erolcha
 22557 | D:13     | Killed Erolcha
 22650 | D:13     | Reached skill level 10 in Charms
 22706 | D:13     | Received a gift from Okawaru
 23107 | D:13     | Reached skill level 10 in Short Blades
 23107 | D:13     | Reached skill level 10 in Long Blades
 23107 | D:13     | Reached skill level 10 in Maces & Flails
 23107 | D:13     | Reached skill level 10 in Polearms
 23107 | D:13     | Reached skill level 10 in Staves
 23107 | D:13     | Reached skill level 10 in Slings
 23107 | D:13     | Reached skill level 10 in Bows
 23107 | D:13     | Reached skill level 10 in Crossbows
 23107 | D:13     | Reached skill level 10 in Throwing
 23107 | D:13     | Reached skill level 10 in Stealth
 23107 | D:13     | Reached skill level 10 in Shields
 23107 | D:13     | Reached skill level 10 in Unarmed Combat
 23107 | D:13     | Reached skill level 10 in Evocations
 23261 | D:13     | Found a gate to the Vaults.
 23291 | D:13     | Reached skill level 11 in Fighting
 23291 | D:13     | Reached skill level 11 in Axes
 23291 | D:13     | Reached skill level 11 in Dodging
 23644 | D:14     | HP: 26/118 [white ugly thing (34)]
 23821 | D:14     | Reached skill level 11 in Invocations
 23866 | D:14     | Received a gift from Okawaru
 23887 | D:14     | Got a transparent hunting sling {god gift}
 23889 | D:14     | Identified the +1 hunting sling of the Ten Queens
                  | {velocity, *Contam Int+7 Dex+3} (Okawaru gifted it to you
                  | on level 14 of the Dungeon)
 24397 | D:15     | Entered Level 15 of the Dungeon
 24582 | D:15     | Found a labyrinth entrance.
 24591 | Lab      | Entered a labyrinth
 24681 | Lab      | Reached XP level 16. HP: 125/125 MP: 23/31
 24702 | Lab      | Got a fine mace
 25121 | D:15     | Received a gift from Okawaru
 25175 | D:15     | Found a staircase to the Depths.
 25346 | D:15     | Received a gift from Okawaru
 26097 | Snake:1  | Entered Level 1 of the Snake Pit
 26221 | Snake:1  | Reached skill level 9 in Conjurations
 26221 | Snake:1  | Reached skill level 9 in Hexes
 26221 | Snake:1  | Reached skill level 9 in Summonings
 26221 | Snake:1  | Reached skill level 9 in Necromancy
 26221 | Snake:1  | Reached skill level 9 in Translocations
 26221 | Snake:1  | Reached skill level 9 in Transmutations
 26221 | Snake:1  | Reached skill level 9 in Fire Magic
 26221 | Snake:1  | Reached skill level 9 in Ice Magic
 26221 | Snake:1  | Reached skill level 9 in Air Magic
 26221 | Snake:1  | Reached skill level 9 in Earth Magic
 26221 | Snake:1  | Reached skill level 9 in Poison Magic
 26266 | Snake:1  | You fall through a shaft!
 26688 | Snake:2  | Received a gift from Okawaru
 26939 | Snake:1  | Reached skill level 11 in Armour
 27284 | Snake:1  | Received a gift from Okawaru
 27729 | Snake:1  | Received a gift from Okawaru
 28506 | Snake:2  | Received a gift from Okawaru
 28533 | Snake:2  | Received a gift from Okawaru
 28546 | Snake:2  | Reached skill level 11 in Short Blades
 28546 | Snake:2  | Reached skill level 11 in Long Blades
 28546 | Snake:2  | Reached skill level 11 in Maces & Flails
 28546 | Snake:2  | Reached skill level 11 in Polearms
 28546 | Snake:2  | Reached skill level 11 in Staves
 28546 | Snake:2  | Reached skill level 11 in Slings
 28546 | Snake:2  | Reached skill level 11 in Bows
 28546 | Snake:2  | Reached skill level 11 in Crossbows
 28546 | Snake:2  | Reached skill level 11 in Throwing
 28546 | Snake:2  | Reached skill level 11 in Stealth
 28546 | Snake:2  | Reached skill level 11 in Shields
 28546 | Snake:2  | Reached skill level 11 in Unarmed Combat
 28546 | Snake:2  | Reached skill level 11 in Evocations
 28632 | Snake:2  | Found Fariz's Antique Armour Shop.
 28643 | Snake:2  | Bought a twisted chain mail for 313 gold pieces
 28653 | Snake:2  | Identified the +2 chain mail "Vanefio" {rF- rC+ MR+} (You
                  | bought it in a shop on level 2 of the Snake Pit)
 28770 | Snake:2  | Reached skill level 12 in Spellcasting
 28810 | Snake:2  | Noticed Vashnia
 28841 | Snake:2  | HP: 23/127 [naga sharpshooter/bolt[Vashnia] (30)]
 28849 | Snake:2  | HP: 20/127 [poisoned by a naga (splash of poison)]
 28854 | Snake:2  | HP: 20/127 [poisoned by a naga (splash of poison)]
 28855 | Snake:2  | Received a gift from Okawaru
 28974 | Snake:2  | Reached XP level 17. HP: 55/133 MP: 31/33
 29161 | Snake:3  | HP: 28/133 [naga/hand axe (9)]
 29163 | Snake:3  | Reached skill level 12 in Invocations
 29168 | Snake:3  | HP: 32/133 [naga/hand axe (3)]
 29279 | Snake:3  | Received a gift from Okawaru
 29325 | Snake:3  | Noticed Kirke
 29335 | Snake:3  | Killed Kirke
 29454 | Snake:3  | Reached skill level 12 in Fighting
 29454 | Snake:3  | Reached skill level 12 in Axes
 29454 | Snake:3  | Reached skill level 12 in Dodging
 29824 | Snake:3  | Found a runed gate.
 29824 | Snake:3  | Found a runed gate.
 29824 | Snake:3  | Found a runed gate.
 30050 | Snake:3  | Received a gift from Okawaru
 30065 | Snake:3  | Reached skill level 11 in Charms
 30127 | Snake:3  | HP: 29/133 [water moccasin (8)]
 30132 | Snake:3  | HP: 30/133 [poisoned by a black mamba]
 30137 | Snake:3  | HP: 33/133 [poisoned by a black mamba]
 30405 | Snake:2  | Killed Vashnia
 30857 | Shoals:1 | Entered Level 1 of the Shoals
 31253 | Shoals:1 | Noticed Nikola
 31270 | Shoals:1 | Killed Nikola
 32173 | Shoals:2 | Received a gift from Okawaru
 32762 | Shoals:3 | HP: 23/135 [merfolk aquamancer/ball of steam (33)]
 32797 | Shoals:3 | Noticed Ilsuiw
 32902 | Shoals:3 | Received a gift from Okawaru
 32902 | Shoals:3 | Reached skill level 10 in Conjurations
 32902 | Shoals:3 | Reached skill level 10 in Hexes
 32902 | Shoals:3 | Reached skill level 10 in Summonings
 32902 | Shoals:3 | Reached skill level 10 in Necromancy
 32902 | Shoals:3 | Reached skill level 10 in Translocations
 32902 | Shoals:3 | Reached skill level 10 in Transmutations
 32902 | Shoals:3 | Reached skill level 10 in Fire Magic
 32902 | Shoals:3 | Reached skill level 10 in Ice Magic
 32902 | Shoals:3 | Reached skill level 10 in Air Magic
 32902 | Shoals:3 | Reached skill level 10 in Earth Magic
 32902 | Shoals:3 | Reached skill level 10 in Poison Magic
 32918 | Shoals:3 | HP: 30/135 [drowned by a drowned soul[a merfolk avatar]
                  | (15)]
 33127 | Shoals:3 | Reached XP level 18. HP: 141/141 MP: 34/34
 33130 | Shoals:3 | Found a frozen archway.
 33140 | IceCv    | Entered an ice cave
 33217 | IceCv    | Received a gift from Okawaru
 33221 | IceCv    | Reached skill level 12 in Armour
 33426 | IceCv    | Noticed an Ice Fiend
 33468 | IceCv    | Noticed an Ice Fiend
 33496 | IceCv    | Killed an Ice Fiend
 33621 | IceCv    | Killed an Ice Fiend
 34215 | Shoals:3 | Killed Ilsuiw
 34498 | Shoals:4 | Entered Level 4 of the Shoals
 34545 | Shoals:4 | HP: 25/142 [water nymph/the raging water (31)]
 34545 | Shoals:4 | HP: 10/142 [water nymph/the raging water (15)]
 34723 | Shoals:4 | Reached skill level 12 in Short Blades
 34723 | Shoals:4 | Reached skill level 12 in Long Blades
 34723 | Shoals:4 | Reached skill level 12 in Maces & Flails
 34723 | Shoals:4 | Reached skill level 12 in Polearms
 34723 | Shoals:4 | Reached skill level 12 in Staves
 34723 | Shoals:4 | Reached skill level 12 in Slings
 34723 | Shoals:4 | Reached skill level 12 in Bows
 34723 | Shoals:4 | Reached skill level 12 in Crossbows
 34723 | Shoals:4 | Reached skill level 12 in Throwing
 34723 | Shoals:4 | Reached skill level 12 in Stealth
 34723 | Shoals:4 | Reached skill level 12 in Shields
 34723 | Shoals:4 | Reached skill level 12 in Unarmed Combat
 34723 | Shoals:4 | Reached skill level 12 in Evocations
 34823 | Shoals:4 | HP: 31/142 [merfolk impaler/demon trident of freezing (21)]
 34828 | Shoals:4 | HP: 22/142 [poisoned by a merfolk javelineer]
 34828 | Shoals:4 | HP: 6/142 [merfolk impaler/demon trident of freezing (16)]
 34833 | Shoals:4 | Reached skill level 13 in Invocations
 34965 | Shoals:4 | Received a gift from Okawaru
 35641 | Shoals:4 | Reached skill level 13 in Spellcasting
 35709 | Shoals:4 | Got a crystal halberd {drain}
 35710 | Shoals:4 | Identified the +3 halberd of Uncertain Death {drain, rElec
                  | MR+ Int-5 Dex+2} (You took it off a merfolk impaler on
                  | level 4 of the Shoals)
 35912 | Shoals:4 | Got a barnacled rune of Zot
 36185 | Snake:2  | Bought a bloodstained plate armour for 924 gold pieces
 36195 | Snake:2  | Identified the cursed +1 plate armour "Goghiun" {Slay+3}
                  | (You bought it in a shop on level 2 of the Snake Pit)
 36926 | Snake:4  | Entered Level 4 of the Snake Pit
 37000 | Snake:4  | Found a hide-covered altar of Uskayaw.
 37182 | Snake:4  | Received a gift from Okawaru
 37309 | Snake:4  | Reached skill level 13 in Fighting
 37309 | Snake:4  | Reached skill level 13 in Axes
 37309 | Snake:4  | Reached skill level 13 in Dodging
 37599 | Snake:4  | Reached XP level 19. HP: 106/149 MP: 36/36
 38065 | Snake:4  | Received a gift from Okawaru
 38329 | Snake:4  | Identified the +1 hand crossbow "Gnoll's Death" {penet,
                  | +Fly rF- rC++ MP+9} (Okawaru gifted it to you on level 4 of
                  | the Snake Pit)
 38370 | Snake:4  | Received a gift from Okawaru
 38675 | Snake:4  | Got a serpentine rune of Zot
 38977 | Vaults:1 | Entered Level 1 of the Vaults
 39054 | Vaults:1 | Reached skill level 12 in Charms
 39202 | Vaults:1 | Received a gift from Okawaru
 39528 | Vaults:1 | Reached skill level 13 in Armour
 39683 | Vaults:1 | Reached skill level 11 in Conjurations
 39683 | Vaults:1 | Reached skill level 11 in Hexes
 39683 | Vaults:1 | Reached skill level 11 in Summonings
 39683 | Vaults:1 | Reached skill level 11 in Necromancy
 39683 | Vaults:1 | Reached skill level 11 in Translocations
 39683 | Vaults:1 | Reached skill level 11 in Transmutations
 39683 | Vaults:1 | Reached skill level 11 in Fire Magic
 39683 | Vaults:1 | Reached skill level 11 in Ice Magic
 39683 | Vaults:1 | Reached skill level 11 in Air Magic
 39683 | Vaults:1 | Reached skill level 11 in Earth Magic
 39683 | Vaults:1 | Reached skill level 11 in Poison Magic
 39713 | Vaults:1 | Received a gift from Okawaru
 39868 | Vaults:1 | Received a gift from Okawaru
 39881 | Vaults:1 | Got an ichor-stained dire flail {god gift}
 39882 | Vaults:1 | Identified the +5 dire flail of Cutuf {flame, Str+6}
                  | (Okawaru gifted it to you on level 1 of the Vaults)
 40551 | Vaults:1 | Reached XP level 20. HP: 157/157 MP: 37/37
 40884 | Vaults:2 | Reached skill level 14 in Invocations
 40926 | Vaults:2 | Reached skill level 13 in Short Blades
 40926 | Vaults:2 | Reached skill level 13 in Long Blades
 40926 | Vaults:2 | Reached skill level 13 in Maces & Flails
 40926 | Vaults:2 | Reached skill level 13 in Polearms
 40926 | Vaults:2 | Reached skill level 13 in Staves
 40926 | Vaults:2 | Reached skill level 13 in Slings
 40926 | Vaults:2 | Reached skill level 13 in Bows
 40926 | Vaults:2 | Reached skill level 13 in Crossbows
 40926 | Vaults:2 | Reached skill level 13 in Throwing
 40926 | Vaults:2 | Reached skill level 13 in Stealth
 40926 | Vaults:2 | Reached skill level 13 in Shields
 40926 | Vaults:2 | Reached skill level 13 in Unarmed Combat
 40926 | Vaults:2 | Reached skill level 13 in Evocations
 41019 | Vaults:2 | Received a gift from Okawaru
 41361 | Vaults:2 | Received a gift from Okawaru
 41705 | Vaults:2 | Received a gift from Okawaru
 41999 | Vaults:2 | Reached skill level 14 in Spellcasting
 42696 | Vaults:3 | Received a gift from Okawaru
 42717 | Vaults:3 | Reached skill level 14 in Fighting
 42717 | Vaults:3 | Reached skill level 14 in Axes
 42717 | Vaults:3 | Reached skill level 14 in Dodging
 42859 | Vaults:3 | Received a gift from Okawaru
 42893 | Vaults:3 | Received a gift from Okawaru
 43153 | Vaults:3 | Received a gift from Okawaru
 43153 | Vaults:3 | Reached XP level 21. HP: 47/165 MP: 32/39
 43373 | Vaults:3 | Cast into level 2 of the Abyss (a wizard)
 43758 | Abyss:3  | Received a gift from Okawaru
 43825 | Abyss:3  | Paralysed by a floating eye for 3 turns
 43891 | Abyss:3  | HP: 21/166 [large abomination (25)]
 43896 | Abyss:3  | Reached skill level 14 in Armour
 43901 | Abyss:3  | HP: 8/249 [neqoxec (8)]
 43905 | Abyss:3  | HP: 1/166 [raiju/living lightning (4)]
 43916 | Vaults:3 | Escaped the Abyss
 43922 | Vaults:3 | HP: 6/166 [sixfirhy (5)]
 43922 | Vaults:3 | HP: 2/166 [sixfirhy (4)]
 44237 | Vaults:3 | Found a staircase to the Crypt.
 44266 | Vaults:3 | HP: 24/166 [??? (21)]
 45042 | Vaults:4 | Reached skill level 15 in Invocations
 45043 | Vaults:4 | Reached skill level 12 in Conjurations
 45043 | Vaults:4 | Reached skill level 12 in Hexes
 45043 | Vaults:4 | Reached skill level 13 in Charms
 45043 | Vaults:4 | Reached skill level 12 in Summonings
 45043 | Vaults:4 | Reached skill level 12 in Necromancy
 45043 | Vaults:4 | Reached skill level 12 in Translocations
 45043 | Vaults:4 | Reached skill level 12 in Transmutations
 45043 | Vaults:4 | Reached skill level 12 in Fire Magic
 45043 | Vaults:4 | Reached skill level 12 in Ice Magic
 45043 | Vaults:4 | Reached skill level 12 in Air Magic
 45043 | Vaults:4 | Reached skill level 12 in Earth Magic
 45043 | Vaults:4 | Reached skill level 12 in Poison Magic
 45096 | Vaults:4 | Received a gift from Okawaru
 45102 | Vaults:4 | Reached skill level 14 in Short Blades
 45102 | Vaults:4 | Reached skill level 14 in Long Blades
 45102 | Vaults:4 | Reached skill level 14 in Maces & Flails
 45102 | Vaults:4 | Reached skill level 14 in Polearms
 45102 | Vaults:4 | Reached skill level 14 in Staves
 45102 | Vaults:4 | Reached skill level 14 in Slings
 45102 | Vaults:4 | Reached skill level 14 in Bows
 45102 | Vaults:4 | Reached skill level 14 in Crossbows
 45102 | Vaults:4 | Reached skill level 14 in Throwing
 45102 | Vaults:4 | Reached skill level 14 in Stealth
 45102 | Vaults:4 | Reached skill level 14 in Shields
 45102 | Vaults:4 | Reached skill level 14 in Unarmed Combat
 45102 | Vaults:4 | Reached skill level 14 in Evocations
 45144 | Vaults:4 | Received a gift from Okawaru
 45157 | Vaults:4 | HP: 36/166 [deep elf knight/stone arrow[an ironheart
                  | preserver] (26)]
 45158 | Vaults:4 | HP: 17/166 [phantasmal warrior[a death knight] (20)]
 45481 | Vaults:4 | Received a gift from Okawaru
 45529 | Vaults:4 | Reached XP level 22. HP: 145/173 MP: 33/40
 46360 | Vaults:4 | Reached skill level 15 in Spellcasting
 46366 | Vaults:4 | HP: 43/174 [vault warden/great sword (20)]
 46371 | Vaults:4 | HP: 22/174 [skeletal warrior/war axe[a death knight] (11)]
 46372 | Vaults:4 | HP: 9/174 [vault warden/great sword (14)]
 46372 | Vaults:4 | Killed from afar by a deep elf mage

Vault maps used:
D:1:      dpeg_arrival_tiny_f, serial_forest, infiniplex_forest_straight_2,
          infiniplex_forest_corner_2, infiniplex_forest_pool,
          infiniplex_forest_clump_large, infiniplex_forest_straight_4,
          infiniplex_forest_clump_tiny, infiniplex_forest_straight_4,
          infiniplex_forest_clump_C
D:2:      bloody_trog
D:3:      cheibriados_altar_1, okawaru_gym_becter, marbit_many_paths,
          first_ration
D:4:      nicolae_overflow_hidden_temple,
          nicolae_gozag_cash_rules_everything_around_me,
          minmay_temple_entry_statues_pillars, interstate_on_off
D:5:      serial_co_window_serial, co_window_cross_1, co_window_paths_a,
          co_window_paths_a, co_window_paths_b, co_window_corner_a,
          co_window_of_opportunity_a, co_window_paths_b, co_window_paths_a,
          co_window_paths_b, co_window_broadway_b, co_window_broadway_c,
          co_window_paths_c, co_window_unsneaky_path_e, co_window_corner_b,
          glass_columns_a
D:6:      tso_oasis_becter, cheibrodos_sewer_entry_sluice, basic_altar,
          minivault_25
D:7:      cheibrodos_ashenzari_chains, overflow_temple_1_default,
          old_standard_altar, old_standard_altar, lemuel_round_altar,
          grunt_livestock, chequers_big_river
D:8:      hellmonk_ghost_happy_afterlife, uniq_psyche
D:9:      eat_drink_and_be_merry_uskayaw, serial_shops, kennysheep_little_box,
          shop, nicolae_shop_trees, shop_statue, fedhas_altar_2, uniq_gastronok
D:10:     serial_co_window_serial, co_window_cross_1,
          co_window_of_opportunity_a, co_window_paths_a,
          co_window_of_opportunity_a, co_window_paths_b, co_window_cross_1,
          co_window_paths_b, co_window_of_opportunity_a, co_window_corner_a,
          co_window_broadway_b, co_window_of_opportunity_c,
          co_window_broadway_c, co_window_sun, co_window_paths_d,
          glass_columns_b, glass_columns_b
D:11:     minmay_lair_entry_grove, orc_0_dummy, st_stairs_11,
          kennysheep_another_room, minmay_radiant
D:13:     grunt_vaults_entry_fortified, uniq_erolcha
D:15:     grunt_enter_depths_snipers, lab_entry_generic, minmay_misc_feat_iff
Lair:2:   elwin_shoals_entry_rocks
Lair:3:   minmay_snake_entry_six_corridors, lemuel_fruit_tree, uniq_snorg,
          uniq_nergalle
Lair:5:   slime_altar_1, enter_volcano_3, basic_altar, grunt_megastairs_4
Lair:6:   cheibrodos_lair_end_hotspot
Shoals:1: uniq_nikola
Shoals:3: portal_ice_cave_entry_pillars_2, st_sunken_huts, uniq_ilsuiw
Shoals:4: shoals_end_grunt_ice
Snake:1:  serial_bayou_shore_b, serial_bayou_shore_a
Snake:2:  serial_shops, shop, uniq_saint_roka, uniq_vashnia
Snake:3:  nicolae_snake_horde_hoard, serial_bayou_shore_b, uniq_kirke
Snake:4:  grunt_snake_rune_pools, basic_altar
Orc:1:    basic_altar
Orc:2:    grunt_orc_community_town_hall, grunt_orc_community_big_house_1,
          grunt_orc_community_big_house_2, grunt_orc_community_house_1,
          grunt_orc_community_house_1, grunt_orc_community_house_1,
          grunt_orc_community_house_1, serial_shops, bzr_firewalk, basic_altar
Vaults:1: vaults_mumra_chevron, dpeg_vaults_monster_row,
          nicolae_vaults_yaktaur_gun_rack, nicolae_vaults_little_squares_3,
          ontoclasm_vaults_gateway, vaults_room_semicircle,
          grunt_vaults_hallway_short
Vaults:2: nicolae_vaults_network_periphery, nicolae_vaults_fighting_squares,
          v_pattern_5, nicolae_vaults_little_squares_6,
          nicolae_vaults_what_the_h, hangedman_vaults_corner_blocks,
          vaults_dpeg_encased_lava
Vaults:3: vaults_mumra_hex, vaults_room_ringed_pool, v_misc_28, v_misc_30,
          v_misc_33, v_misc_14, nicolae_vaults_alarming,
          nicolae_vaults_stairing_the_circle, v_alt_pattern_1,
          grunt_vaults_hallway_short, minmay_crypt_entry_simple_sparse, st_star
Vaults:4: nicolae_vaults_windows_and_doors_thing, ontoclasm_vaults_spin,
          v_misc_23, v_misc_18, ontoclasm_vaults_gallery, v_pattern_3,
          nicolae_vaults_theta, ontoclasm_vaults_idyll, hangedman_vaults_stream,
          vaults_room_octagon, v_misc_5, nicolae_vaults_big_angled_halls,
          nicolae_vaults_diagonal_hallway_7
Abyss:3:  nicolae_abyss_rune_left_handed
Lab:      nicolae_lab_very_dead_end, nicolae_lab_statue,
          nicolae_lab_flowing_pool, nicolae_lab_quarters, nicolae_lab_garden,
          labyrinth_skeletal_remains
Bazaar:   bazaar_lake
Sewer:    sewer_kobolds
IceCv:    ice_cave_small_demon
Volcano:  pf_volcano_lost_world

Skill      XL: |  1  2  3  4  5  6  7  8  9 10 11 12 13 14 15 16 17 18 19 20 21 22 |
---------------+-------------------------------------------------------------------+-----
Spellcasting   | 5 6 7 8 9 10 11 12 13 14 15 | 15.0
Invocations    | 1 2 3 4 5 6 7 8 9 10 11 12 13 14 15 | 15.4
Short Blades   | 1 2 3 4 5 6 7 8 9 10 11 12 13 14 | 14.3
Long Blades    | 1 2 3 4 5 6 7 8 9 10 11 12 13 14 | 14.3
Maces & Flails | 1 2 3 4 5 6 7 8 9 10 11 12 13 14 | 14.3
Polearms       | 1 2 3 4 5 6 7 8 9 10 11 12 13 14 | 14.3
Staves         | 1 2 3 4 5 6 7 8 9 10 11 12 13 14 | 14.3
Slings         | 1 2 3 4 5 6 7 8 9 10 11 12 13 14 | 14.3
Bows           | 1 2 3 4 5 6 7 8 9 10 11 12 13 14 | 14.3
Crossbows      | 1 2 3 4 5 6 7 8 9 10 11 12 13 14 | 14.3
Throwing       | 1 2 3 4 5 6 7 8 9 10 11 12 13 14 | 14.3
Stealth        | 1 2 3 4 5 6 7 8 9 10 11 12 13 14 | 14.3
Shields        | 1 2 3 4 5 6 7 8 9 10 11 12 13 14 | 14.3
Unarmed Combat | 1 2 3 4 5 6 7 8 9 10 11 12 13 14 | 14.3
Evocations     | 1 2 3 4 5 6 7 8 9 10 11 12 13 14 | 14.3
Conjurations   | 1 2 3 4 5 6 7 8 9 10 11 12 | 12.3
Hexes          | 1 2 3 4 5 6 7 8 9 10 11 12 | 12.3
Summonings     | 1 2 3 4 5 6 7 8 9 10 11 12 | 12.3
Necromancy     | 1 2 3 4 5 6 7 8 9 10 11 12 | 12.3
Translocations | 1 2 3 4 5 6 7 8 9 10 11 12 | 12.3
Transmutations | 1 2 3 4 5 6 7 8 9 10 11 12 | 12.3
Fire Magic     | 1 2 3 4 5 6 7 8 9 10 11 12 | 12.3
Ice Magic      | 1 2 3 4 5 6 7 8 9 10 11 12 | 12.3
Air Magic      | 1 2 3 4 5 6 7 8 9 10 11 12 | 12.3
Earth Magic    | 1 2 3 4 5 6 7 8 9 10 11 12 | 12.3
Poison Magic   | 1 2 3 4 5 6 7 8 9 10 11 12 | 12.3
Armour         | 3 4 5 6 7 8 9 10 11 12 13 14 | 14.5
Fighting       | 5 6 7 8 9 10 11 12 13 14 | 14.9
Axes           | 5 6 7 8 9 10 11 12 13 14 | 14.9
Dodging        | 5 6 7 8 9 10 11 12 13 14 | 14.9
Charms         | 6 7 8 9 10 11 12 13 | 13.3

Action                   |  1- 3 |  4- 6 |  7- 9 | 10-12 | 13-15 | 16-18 | 19-21 | 22-24 || total
-------------------------+-------+-------+-------+-------+-------+-------+-------+-------++-------
Melee: Hand axe          |    87 |    94 |       |       |       |       |       |       ||   181
       Bite              |     8 |    26 |    55 |    88 |   262 |   322 |   331 |    35 ||  1127
       War axe           |       |   105 |       |       |       |       |       |       ||   105
       Punch             |       |     2 |     2 |     2 |    10 |     5 |       |       ||    21
       Rapier            |       |    35 |   341 |    29 |       |       |       |       ||   405
       Long sword        |       |       |       |    82 |       |       |       |       ||    82
       Dire flail        |       |       |       |   549 |  1391 |   945 |       |       ||  2885
       Broad axe         |       |       |       |       |   101 |   833 |  1630 |   175 ||  2739
 Fire: Hunting sling     |     2 |     4 |       |       |       |       |       |       ||     6
Throw: Tomahawk          |       |       |    11 |    10 |    77 |    41 |       |       ||   139
       Stone             |       |       |     2 |       |       |       |       |       ||     2
       Javelin           |       |       |       |       |       |    53 |    35 |     3 ||    91
 Cast: Infusion          |     1 |     2 |     2 |     1 |     3 |       |     1 |       ||    10
       Shroud of Golubri |     4 |     4 |     5 |     1 |     4 |     2 |     1 |       ||    21
       Song of Slaying   |     2 |     6 |    12 |    20 |    40 |    23 |    18 |     8 ||   129
       Regeneration      |       |     3 |    25 |    54 |   101 |   171 |    94 |     9 ||   457
       Conjure Flame     |       |       |     1 |       |     6 |       |       |       ||     7
       Ensorcelled Hiber |       |       |       |       |     1 |       |       |       ||     1
Invok: Heroism           |       |       |     1 |    11 |    18 |    31 |    15 |     1 ||    77
       Finesse           |       |       |       |     2 |     8 |    14 |     8 |     1 ||    33
 Abil: Evoke Invisibilit |       |       |       |       |       |     1 |       |       ||     1
Evoke: Wand              |       |       |    18 |    11 |     7 |    10 |       |       ||    46
  Use: Scroll            |       |    16 |    13 |    10 |     9 |    30 |     5 |       ||    83
       Potion            |       |     1 |     8 |     4 |     7 |    13 |    11 |     1 ||    45
 Stab: Sleeping          |     1 |     1 |     7 |     8 |    26 |    12 |     3 |       ||    58
       Distracted        |       |       |       |     2 |     2 |     3 |     1 |       ||     8
       Paralysed         |       |       |       |       |     6 |       |       |       ||     6
       Invisible         |       |       |       |       |       |    12 |       |       ||    12
  Eat: Chunk             |     1 |    10 |     8 |    23 |    31 |    27 |    25 |     3 ||   128
       Ration            |       |       |     2 |       |     3 |    10 |     1 |       ||    16
Armor: Leather armour    |     9 |       |       |       |       |       |       |       ||     9
       Ring mail         |    22 |    95 |   102 |   108 |       |       |       |       ||   327
       Scale mail        |       |       |       |    92 |   400 |   443 |       |       ||   935
       Plate armour      |       |       |       |       |       |    48 |   575 |    41 ||   664
Dodge: Dodged            |    76 |   185 |   297 |   635 |  1169 |  1199 |   742 |    32 ||  4335
Block: Large shield      |       |       |       |       |       |   778 |  1430 |   153 ||  2361
       Rpst.: Long sword |       |       |       |    21 |       |       |       |       ||    21

Table legend:
 A = Non-vault XP
 B = Vault XP
 C = Vault XP percentage of total XP
 D = Non-vault monster count
 E = Vault monster count
 F = Vault count percentage of total count
                 A         B        C        D         E       F
            +---------+---------+-------+---------+---------+-------
      Total |  354393 |  280230 |  44.2 |    1089 |     530 |  32.7
            +---------+---------+-------+---------+---------+-------
        D:1 |      43 |       0 |   0.0 |      19 |       0 |   0.0
        D:2 |      63 |       0 |   0.0 |      21 |       0 |   0.0
        D:3 |     168 |       2 |   1.2 |      24 |       1 |   4.0
        D:4 |      70 |       0 |   0.0 |      16 |       0 |   0.0
        D:5 |     383 |       0 |   0.0 |      17 |       0 |   0.0
        D:6 |     938 |       2 |   0.2 |      16 |       2 |  11.1
        D:7 |     701 |     964 |  57.9 |      18 |       5 |  21.7
        D:8 |    1866 |       0 |   0.0 |      15 |       0 |   0.0
        D:9 |    2581 |    2234 |  46.4 |      37 |       1 |   2.6
       D:10 |    1890 |       0 |   0.0 |      42 |       0 |   0.0
       D:11 |    6640 |    4120 |  38.3 |      50 |      20 |  28.6
       D:12 |    5848 |       0 |   0.0 |      44 |       0 |   0.0
       D:13 |    5502 |    7783 |  58.6 |      24 |      11 |  31.4
       D:14 |    8968 |       0 |   0.0 |      20 |       0 |   0.0
       D:15 |   16905 |    2290 |  11.9 |      46 |       3 |   6.1
     Lair:1 |    2402 |       0 |   0.0 |      12 |       0 |   0.0
     Lair:2 |    3712 |       0 |   0.0 |      11 |       0 |   0.0
     Lair:3 |    4101 |    3374 |  45.1 |      19 |      16 |  45.7
     Lair:4 |    7046 |       0 |   0.0 |      28 |       0 |   0.0
     Lair:5 |    8847 |     798 |   8.3 |      24 |       5 |  17.2
     Lair:6 |    6327 |    8063 |  56.0 |      15 |      26 |  63.4
   Shoals:1 |    8227 |    3369 |  29.1 |      19 |       1 |   5.0
   Shoals:2 |    6693 |       0 |   0.0 |      13 |       0 |   0.0
   Shoals:3 |   11768 |   11085 |  48.5 |      25 |      15 |  37.5
   Shoals:4 |    8664 |   18898 |  68.6 |      18 |      30 |  62.5
    Snake:1 |   22113 |       0 |   0.0 |      44 |       0 |   0.0
    Snake:2 |   18365 |    7434 |  28.8 |      36 |       4 |  10.0
    Snake:3 |   13684 |   12309 |  47.4 |      31 |      26 |  45.6
    Snake:4 |    8773 |   42144 |  82.8 |      14 |      60 |  81.1
      Orc:1 |    4666 |       0 |   0.0 |      35 |       0 |   0.0
      Orc:2 |    4472 |    9850 |  68.8 |      42 |      62 |  59.6
   Vaults:1 |   43719 |    7201 |  14.1 |      72 |      11 |  13.3
   Vaults:2 |   29829 |   22343 |  42.8 |      63 |      33 |  34.4
   Vaults:3 |   25596 |   37025 |  59.1 |      53 |      48 |  47.5
   Vaults:4 |   45336 |   40260 |  47.0 |      68 |      43 |  38.7
    Abyss:2 |    2522 |       0 |   0.0 |       4 |       0 |   0.0
    Abyss:3 |   13680 |   18662 |  57.7 |      33 |      42 |  56.0
        Lab |    1285 |       0 |   0.0 |       1 |       0 |   0.0
      Sewer |       0 |     123 | 100.0 |       0 |       9 | 100.0
      IceCv |       0 |   11234 | 100.0 |       0 |      29 | 100.0
    Volcano |       0 |    8663 | 100.0 |       0 |      27 | 100.0
            +---------+---------+-------+---------+---------+-------

Vault maps used:
D:1:      dpeg_arrival_tiny_f, serial_forest, infiniplex_forest_straight_2,
          infiniplex_forest_corner_2, infiniplex_forest_pool,
          infiniplex_forest_clump_large, infiniplex_forest_straight_4,
          infiniplex_forest_clump_tiny, infiniplex_forest_straight_4,
          infiniplex_forest_clump_C
D:2:      bloody_trog
D:3:      cheibriados_altar_1, okawaru_gym_becter, marbit_many_paths,
          first_ration
D:4:      nicolae_overflow_hidden_temple,
          nicolae_gozag_cash_rules_everything_around_me,
          minmay_temple_entry_statues_pillars, interstate_on_off
D:5:      serial_co_window_serial, co_window_cross_1, co_window_paths_a,
          co_window_paths_a, co_window_paths_b, co_window_corner_a,
          co_window_of_opportunity_a, co_window_paths_b, co_window_paths_a,
          co_window_paths_b, co_window_broadway_b, co_window_broadway_c,
          co_window_paths_c, co_window_unsneaky_path_e, co_window_corner_b,
          glass_columns_a
D:6:      tso_oasis_becter, cheibrodos_sewer_entry_sluice, basic_altar,
          minivault_25
D:7:      cheibrodos_ashenzari_chains, overflow_temple_1_default,
          old_standard_altar, old_standard_altar, lemuel_round_altar,
          grunt_livestock, chequers_big_river
D:8:      hellmonk_ghost_happy_afterlife, uniq_psyche
D:9:      eat_drink_and_be_merry_uskayaw, serial_shops, kennysheep_little_box,
          shop, nicolae_shop_trees, shop_statue, fedhas_altar_2, uniq_gastronok
D:10:     serial_co_window_serial, co_window_cross_1,
          co_window_of_opportunity_a, co_window_paths_a,
          co_window_of_opportunity_a, co_window_paths_b, co_window_cross_1,
          co_window_paths_b, co_window_of_opportunity_a, co_window_corner_a,
          co_window_broadway_b, co_window_of_opportunity_c,
          co_window_broadway_c, co_window_sun, co_window_paths_d,
          glass_columns_b, glass_columns_b
D:11:     minmay_lair_entry_grove, orc_0_dummy, st_stairs_11,
          kennysheep_another_room, minmay_radiant
D:13:     grunt_vaults_entry_fortified, uniq_erolcha
D:15:     grunt_enter_depths_snipers, lab_entry_generic, minmay_misc_feat_iff
Lair:2:   elwin_shoals_entry_rocks
Lair:3:   minmay_snake_entry_six_corridors, lemuel_fruit_tree, uniq_snorg,
          uniq_nergalle
Lair:5:   slime_altar_1, enter_volcano_3, basic_altar, grunt_megastairs_4
Lair:6:   cheibrodos_lair_end_hotspot
Shoals:1: uniq_nikola
Shoals:3: portal_ice_cave_entry_pillars_2, st_sunken_huts, uniq_ilsuiw
Shoals:4: shoals_end_grunt_ice
Snake:1:  serial_bayou_shore_b, serial_bayou_shore_a
Snake:2:  serial_shops, shop, uniq_saint_roka, uniq_vashnia
Snake:3:  nicolae_snake_horde_hoard, serial_bayou_shore_b, uniq_kirke
Snake:4:  grunt_snake_rune_pools, basic_altar
Orc:1:    basic_altar
Orc:2:    grunt_orc_community_town_hall, grunt_orc_community_big_house_1,
          grunt_orc_community_big_house_2, grunt_orc_community_house_1,
          grunt_orc_community_house_1, grunt_orc_community_house_1,
          grunt_orc_community_house_1, serial_shops, bzr_firewalk, basic_altar
Vaults:1: vaults_mumra_chevron, dpeg_vaults_monster_row,
          nicolae_vaults_yaktaur_gun_rack, nicolae_vaults_little_squares_3,
          ontoclasm_vaults_gateway, vaults_room_semicircle,
          grunt_vaults_hallway_short
Vaults:2: nicolae_vaults_network_periphery, nicolae_vaults_fighting_squares,
          v_pattern_5, nicolae_vaults_little_squares_6,
          nicolae_vaults_what_the_h, hangedman_vaults_corner_blocks,
          vaults_dpeg_encased_lava
Vaults:3: vaults_mumra_hex, vaults_room_ringed_pool, v_misc_28, v_misc_30,
          v_misc_33, v_misc_14, nicolae_vaults_alarming,
          nicolae_vaults_stairing_the_circle, v_alt_pattern_1,
          grunt_vaults_hallway_short, minmay_crypt_entry_simple_sparse, st_star
Vaults:4: nicolae_vaults_windows_and_doors_thing, ontoclasm_vaults_spin,
          v_misc_23, v_misc_18, ontoclasm_vaults_gallery, v_pattern_3,
          nicolae_vaults_theta, ontoclasm_vaults_idyll, hangedman_vaults_stream,
          vaults_room_octagon, v_misc_5, nicolae_vaults_big_angled_halls,
          nicolae_vaults_diagonal_hallway_7
Abyss:3:  nicolae_abyss_rune_left_handed
Lab:      nicolae_lab_very_dead_end, nicolae_lab_statue,
          nicolae_lab_flowing_pool, nicolae_lab_quarters, nicolae_lab_garden,
          labyrinth_skeletal_remains
Bazaar:   bazaar_lake
Sewer:    sewer_kobolds
IceCv:    ice_cave_small_demon
Volcano:  pf_volcano_lost_world

Table legend:
 A = Turns spent in this place as a percentage of turns spent in the entire game.
 B = Non-inter-level travel turns spent in this place as a percentage of non-inter-level travel turns spent in the entire game.
 C = Inter-level travel turns spent in this place as a percentage of turns spent in this place.
 D = Turns resting spent in this place as a percentage of non-inter-level travel turns spent in this place.
 E = Turns spent auto-exploring this place as a percentage of non-inter-level travel turns spent in this place.
 F = Non-inter-level travel turns spent in this place divided by the number of levels of this place that you've seen.
                   A       B       C       D       E      F
               +-------+-------+-------+-------+-------+----------------------
         Total | 100.0 | 100.0 |   8.4 |  11.9 |  54.2 | 1011.0
       Dungeon |  35.0 |  35.3 |   7.8 |   5.7 |  66.5 | 998.0
          Lair |  16.1 |  15.0 |  14.6 |   7.5 |  67.5 | 1063.7
        Shoals |   9.4 |   9.7 |   6.1 |  18.5 |  43.9 | 1026.8
     Snake Pit |  14.8 |  14.6 |   9.6 |  22.3 |  41.6 | 1549.2
  Orcish Mines |   4.9 |   4.5 |  17.3 |   6.9 |  51.7 | 947.0
        Vaults |  14.7 |  15.5 |   3.3 |  19.6 |  45.1 | 1650.5
         Abyss |   1.2 |   1.3 |   0.0 |   0.0 |   0.0 | 271.5
     Labyrinth |   0.2 |   0.3 |   0.0 |   0.0 |   0.0 | 114.0
        Bazaar |   0.4 |   0.4 |   0.0 |   0.0 |  26.0 | 173.0
         Sewer |   0.3 |   0.3 |   0.0 |   0.0 |  64.2 | 148.0
      Ice Cave |   1.3 |   1.4 |   0.0 |  18.8 |   7.3 | 601.0
       Volcano |   1.6 |   1.7 |   0.0 |   4.1 |  29.0 | 731.0
               +-------+-------+-------+-------+-------+----------------------

Table legend:
 A = Kills in this place as a percentage of kills in entire the game.
 B = Kills by you in this place as a percentage of kills by you in the entire game.
 C = Kills by friends in this place as a percentage of kills by friends in the entire game.
 D = Other kills in this place as a percentage of other kills in the entire game.
 E = Experience gained in this place as a percentage of experience gained in the entire game.
 F = Experience gained in this place divided by the number of levels of this place that you have seen.
                   A       B       C       D       E      F
               +-------+-------+-------+-------+-------+----------------------
         Total | 100.0 | 100.0 | 100.0 | 100.0 | 100.0 | 15110.1
       Dungeon |  27.9 |  28.0 |  20.0 |   0.0 |  11.0 | 4664.1
          Lair |   9.6 |   9.7 |   0.0 |   0.0 |   7.0 | 7445.0
        Shoals |   7.5 |   7.5 |   0.0 |  20.0 |  10.8 | 17176.0
     Snake Pit |  13.3 |  13.4 |   0.0 |   0.0 |  19.7 | 31205.5
  Orcish Mines |   8.6 |   8.6 |   0.0 |   0.0 |   3.0 | 9494.0
        Vaults |  24.2 |  23.9 |  80.0 |  60.0 |  39.6 | 62827.2
         Abyss |   4.9 |   4.8 |   0.0 |  20.0 |   5.5 | 17432.0
     Labyrinth |   0.1 |   0.1 |   0.0 |   0.0 |   0.2 | 1285.0
         Sewer |   0.6 |   0.6 |   0.0 |   0.0 |   0.0 | 123.0
      Ice Cave |   1.8 |   1.8 |   0.0 |   0.0 |   1.8 | 11234.0
       Volcano |   1.7 |   1.7 |   0.0 |   0.0 |   1.4 | 8663.0
               +-------+-------+-------+-------+-------+----------------------
